[Event "*** Titled Tuesday Blitz"]
[Site "Chess.com"]
[Date "2021.02.09"]
[Round "5"]
[White "OhanyanEminChess"]
[Black "sergeikim"]
[Result "1-0"]
[WhiteElo "2627"]
[BlackElo "2423"]
[TimeControl "180+1"]
[EndTime "10:58:48 PST"]
[Termination "OhanyanEminChess won on time"]

1. e4 e5 2. Nc3 Nf6 3. Bc4 Bc5 4. d3 Nc6 5. f4 d6 6. Nf3 Bg4 7. f5 a6 8. Bg5 Nd4 9. Nd5 c6 10. Ne3 Bxf3 11. gxf3 b5 12. c3 bxc4 13. cxd4 Qa5+ 14. Kf1 Bxd4 15. Nxc4 Qc7 16. Qa4 Nd7 17. Rc1 Nc5 18. Qc2 a5 19. f4 f6 20. fxe5 fxe5 21. Be3 Bxe3 22. Nxe3 O-O 23. Kg2 Qe7 24. Rhe1 Qh4 25.
Kh1 Qh3 26. Re2 Rf6 27. Rd1 Rh6 28. Nf1 Qf3+ 29. Kg1 Rh4 30. Rg2 Rg4 31. Rd2 Rb8 32.
b3 a4 33. Rxg4 Qxg4+ 34. Rg2 Qf4 35. bxa4 Rb4 36. Rg3 Rxa4 37. Qg2 Qh6 38. Rf3 Rb4 39. f6 Rb1 40. f7+ Kf8 41. Qg4 Ne6 42. Qf5 Qg6+ 43. Qxg6 hxg6 44. Kf2 Nf4 45. Rg3 Rb2+ 46. Kf3 Kxf7 47.
Ne3 Rxa2 48. Nc4 Ke6 49. d4 Rc2 50. Ne3 Rc3 51. dxe5 dxe5 52. Kf2 Ra3 53. Ke1 Ra2 54. Nf1 Ra1+ 55. Kf2 Ra2+ 56. Kf3 Ra3+ 57. Ne3 Ra2 58. Rg1 Ra3 59. Rc1 Kd6 60. Rd1+ Ke6 61. Kf2 Ra2+ 62. Kg3 Ra3 63. Kf3 Ra2 64. Rc1 1-0

[Event "*** Titled Tuesday Blitz"]
[Site "Chess.com"]
[Date "2021.02.09"]
[Round "5"]
[White "XDPS"]
[Black "hypert"]
[Result "1-0"]
[WhiteElo "2740"]
[BlackElo "2512"]
[TimeControl "180+1"]
[EndTime "10:58:52 PST"]
[Termination "XDPS won on time"]

1. d4 d5 2. Nf3 Nf6 3. Bf4 c5 4. e3 Nc6 5. Nbd2 Qb6 6. dxc5 Qxb2 7. Rb1 Qa3 8. Bb5 Bd7 9. c4 Qxc5 10. O-O dxc4 11.
Nxc4 g6 12. Qe2 Bg7 13. Rfc1 O-O 14. Nce5 Qa3 15. Nc4 Qc5 16. Nd6 Qa3 17. Nxb7 Rfc8 18. Nc5 Be8 19. Ba6 Rd8 20. Bb7 Nd5 21. Bxa8 Rxa8 22. Ne4 Qa4 23. Qc4 Qxc4 24. Rxc4 Nxf4 25. exf4 Rd8 26. h3 Kf8 27. Rbc1 Nd4 28. Nxd4 Bxd4 29. Rc8 Rxc8 30. Rxc8 Bb6 31. Rc2 f6 32. Nc5 Kf7 33. g3 Bb5 34. Nb3 Ba4 35. Kg2 Bd7 36. h4 h5 37. Rd2 Bc6+ 38. Kg1 Ba4 39. Nd4 Bd7 40. Ne2 Be6 41. Rc2 Bf5 42. Rd2 Be6 43. Nd4 Bd7 44.
Nb3 Be6 45. Rc2 Bf5 46. Rc4 Be6 47. Rb4 Bd5 48. a4 Ke6 49. Nc1 Kd6 50. Rb5 Bc6 51. Rb4 Bc5 52. Rc4 Bd5 53. Rc2 Bc6 54. Nd3 Bd4 55.
Nb4 Bxa4 56. Ra2 Bb5 57. Ra5 Bc4 58. Ra4 Kc5 59. Nc6 Bc3 60. Nxe7 a5 61. Nxg6 Bb3 62. Re4 a4 63. Re3 Bd4 64. Re8 a3 65. Rc8+ Kb4 66. Rb8+ Kc3 67. Ne7 a2 68. Ra8 1-0

[Event "*** Titled Tuesday Blitz"]
[Site "Chess.com"]
[Date "2021.02.09"]
[Round "5"]
[White "ukchessbomber"]
[Black "Rodalquilar"]
[Result "0-1"]
[WhiteElo "2423"]
[BlackElo "2681"]
[TimeControl "180+1"]
[EndTime "10:58:54 PST"]
[Termination "Rodalquilar won by checkmate"]

1. d4 d5 2. c4 e6 3. Nc3 a6 4.
cxd5 exd5 5. Bf4 Nf6 6. e3 c5 7.
Nf3 c4 8. a4 Nc6 9. Be2 Bf5 10.
O-O Bd6 11. Bxd6 Qxd6 12. Nd2 O-O 13. Re1 Rfe8 14. Bf1 Nb4 15. e4 Nxe4 16. Ndxe4 Bxe4 17. Nxe4 dxe4 18. Bxc4 Rad8 19. Qb3 Re7 20. Rad1 a5 21.
Qg3 Qxg3 22. hxg3 Kf8 23. d5 f5 24. f3 exf3 25. gxf3 Nc2 26. Rxe7 Kxe7 27. Rd2 Nb4 28. Re2+ Kd6 29. f4 Kc5 30. Bb3 Rd7 31. Re5 g6 32.
d6+ Kxd6 33. Rxa5 Kc6 34. Rb5 Nd3 35. Bc4 Nc5 36. Bf1 Rd1 37. Kg2 Rd2+ 38. Kg1 Nxa4 39.
Bg2+ Kd6 40. Rxb7 Nxb2 41. Rxh7 Ke6 42. Rh6 Kf6 43. Rh8 Nc4 44. Rc8 Ne3 45. Bf3 Nc2 46. Rc6+ Kg7 47. Rc7+ Kh6 48. Rc8 Nd4 49. Bb7 Ne2+ 50.
Kf2 Nxf4+ 51. Ke3 Rb2 52. Kxf4 Rb4+ 53. Kf3 Rxb7 54. Rh8+ Kg5 55. Ra8 Rb3+ 56. Kf2 Rb4 57. Ra3 Kg4 58. Kf1 Rb2 59. Rc3 g5 60. Kg1 Kh3 61. Rf3 Rb5 62. Rc3 g4 63. Kf2 Rb2+ 64.
Kg1 Rg2+ 65. Kf1 Rxg3 66. Rc8 Rf3+ 67. Kg1 Kg3 68. Rc5 f4 69. Rc2 Ra3 70. Rg2+ Kf3 71. Rf2+ Ke4 72. Re2+ Kf5 73. Rc2 g3 74. Kg2 Kg4 75. Rb2 f3+ 76. Kf1 Ra1+ 77. Rb1 Rxb1# 0-1

[Event "*** Titled Tuesday Blitz"]
[Site "Chess.com"]
[Date "2021.02.09"]
[Round "5"]
[White "Susik_Gaboyan"]
[Black "NikolaMa2000"]
[Result "0-1"]
[WhiteElo "2271"]
[BlackElo "1859"]
[TimeControl "180+1"]
[EndTime "10:58:56 PST"]
[Termination "NikolaMa2000 won by checkmate"]

1. Nf3 e6 2. g3 d5 3. Bg2 Nf6 4. O-O Be7 5. d3 O-O 6. Nbd2 c5 7. e4 Nc6 8. c3 b5 9. Qe2 Bb7 10. Rd1 Qb6 11. a4 b4 12. exd5 Nxd5 13. Ne5 Nxe5 14. Qxe5 Bf6 15. Qh5 bxc3 16. Nc4 Qc7 17. bxc3 Bxc3 18.
Rb1 Bc6 19. Bb2 Bxb2 20. Rxb2 Rab8 21. Re2 Bxa4 22. Rde1 Nf6 23. Qg5 h6 24. Qc1 Rfd8 25. Ne5 Bb3 26. Nc6 Rxd3 27. Nxb8 Qxb8 28. Qxc5 Bd5 29.
Bxd5 Rxd5 30. Qc2 a5 31. Rb1 Qa7 32. Qc8+ Kh7 33. Ra2 Ng4 34. Qc2+ Rf5 35. Rf1 h5 36. h3 Ne5 37. Qe4 Nf3+ 38. Kg2 Ng5 39. Qd3 Qb7+ 40. Kh2 Nf3+ 41. Kh1 Nh4+ 42. f3 Nxf3 43. Rxf3 Qxf3+ 44. Qxf3 Rxf3 45. Kg2 Rf5 46. g4 hxg4 47. hxg4 Rd5 48. Kf3 Kg6 49. Rh2 Kf6 50. Rh8 g6 51. Ra8 Kg5 52.
Ra7 f5 53. gxf5 gxf5 54. Ra6 Kf6 55. Ra8 Ke5 56. Ke3 Rb5 57. Ra7 f4+ 58. Kd2 Ke4 59. Re7 e5 60. Ra7 f3 61. Rf7 a4 62.
Rf8 Ra5 63. Ra8 Rxa8 64. Ke1 Rb8 65. Kf2 Rb2+ 66. Kg3 Rg2+ 67. Kh3 a3 68. Kh4 a2 69. Kh3 a1=Q 70. Kh4 Qh1# 0-1

[Event "*** Titled Tuesday Blitz"]
[Site "Chess.com"]
[Date "2021.02.09"]
[Round "5"]
[White "Alonmindlin"]
[Black "Zhigalko_Sergei"]
[Result "0-1"]
[WhiteElo "2686"]
[BlackElo "2901"]
[TimeControl "180+1"]
[EndTime "10:59:01 PST"]
[Termination "Zhigalko_Sergei won by resignation"]

1. d4 Nf6 2. c4 e6 3. Nc3 Bb4 4. e3 O-O 5. Bd3 d5 6. Nf3 b6 7. O-O Bb7 8. cxd5 exd5 9. Qc2 Re8 10. a3 Bf8 11. b4 Nbd7 12. Bb2 a6 13. Rac1 b5 14. Ne2 Bd6 15. Ng3 g6 16. Ne5 Nb6 17.
f4 Nc4 18. Rce1 a5 19. Bc3 Nxa3 20. Qf2 axb4 21. Ba1 Nc4 22. f5 g5 23. h4 gxh4 24. Ne2 Rxa1 25. Rxa1 Nxe5 26. dxe5 Bxe5 27. Ra7 Qb8 28. Ra5 c6 29. Qxh4 b3 30. Nd4 Qc7 31. Nxb3 Kh8 32. Ra2 Rg8 33. Nd4 Rg4 34. Qh6 Ng8 35.
Qh3 Nf6 36. Rc2 Qb6 37. Qh6 Bxd4 38. exd4 Qxd4+ 39. Rcf2 Rg8 40. Kh1 Ng4 41. Qd2 Nxf2+ 42. Rxf2 f6 43. Re2 Bc8 44. Re7 Qh4+ 45. Kg1 Qg5 46. Qe2 Qc1+ 47. Kh2 Qf4+ 48. Kh1 Bxf5 49. Bxf5 Qxf5 50. Rc7 Qg5 51. Rxc6 d4 52. Qf2 d3 53.
Rd6 b4 54. Rxd3 Qc1+ 55. Kh2 Qg5 56. Rf3 Qe5+ 57. Kg1 Rf8 58. Re3 Qd4 59. Kh2 b3 60.
Qe2 Qd6+ 61. Kg1 Qd4 62. Kh2 b2 63. Re8 Qd6+ 64. Kg1 b1=Q+ 65. Kf2 Qbb6+ 0-1

[Event "*** Titled Tuesday Blitz"]
[Site "Chess.com"]
[Date "2021.02.09"]
[Round "5"]
[White "TheBigBoss04"]
[Black "ErikRonka"]
[Result "0-1"]
[WhiteElo "2728"]
[BlackElo "2448"]
[TimeControl "180+1"]
[EndTime "10:59:01 PST"]
[Termination "ErikRonka won by checkmate"]

1. d4 d5 2. c4 c6 3. Nf3 Nf6 4.
e3 e6 5. Bd3 Nbd7 6. b3 Bd6 7.
Bb2 O-O 8. O-O b6 9. Nbd2 Bb7 10. Ne5 c5 11. Qe2 Rc8 12. Rad1 Qe7 13. f4 Ne4 14. Nxd7 Qxd7 15. Bxe4 dxe4 16. dxc5 bxc5 17. Nb1 Qe7 18.
Rd2 Rfd8 19. Rfd1 Bc7 20. Nc3 Rxd2 21. Rxd2 Rd8 22. Na4 Bc6 23. Rxd8+ Qxd8 24. Nxc5 Bb6 25. Bd4 a5 26. Qg4 g6 27. Qg5 Qxg5 28. fxg5 e5 29. Bxe5 Bxc5 30. Kf2 Kf8 31. h4 Ke7 32. Bc3 Bb4 33.
Bd4 a4 34. Bb2 a3 35. Bd4 Ke6 36. g4 Bd7 37. Kg3 Bd6+ 38. Kg2 Be5 39. Bc5 Bb2 40. Kg3 f5 41. gxf6 Kxf6 42. Bb6 Ke5 43. Bc7+ Ke6 44. Kg2 Bc1 45. Bb6 Bb2 46. Kg3 h5 47. gxh5 gxh5 48.
Kg2 Kf5 49. Bc7 Kg4 50. Bd8 Bc1 51. Bg5 Bb2 52. Kf2 Kf5 53. Kg2 Bf6 54. Bh6 Bxh4 55.
Bf8 Bf6 56. Bxa3 Kg4 57. Kf2 h4 58. Bd6 h3 59. b4 Bh4+ 60. Kg1 Bg3 61. Bxg3 Kxg3 62.
b5 h2+ 63. Kf1 h1=Q+ 64. Ke2 Qf3+ 65. Kd2 Qf2+ 66. Kc3 Qxe3+ 67. Kb4 Qd3 68. a4 e3 69. a5 e2 70. a6 e1=Q+ 71. Kc5 Qe7+ 72. Kb6 Qdd6+ 73.
Ka5 Qb4+ 74. Kb6 Qxc4 75. Kb7 Qxb5+ 76. Kc7 Bc6+ 77. Kc8 Qd7# 0-1

[Event "*** Titled Tuesday Blitz"]
[Site "Chess.com"]
[Date "2021.02.09"]
[Round "5"]
[White "markowskitomasz"]
[Black "JiiHart"]
[Result "1-0"]
[WhiteElo "2597"]
[BlackElo "2105"]
[TimeControl "180+1"]
[EndTime "10:59:02 PST"]
[Termination "markowskitomasz won by checkmate"]

1. d4 d5 2. Nf3 Nf6 3. c4 e6 4.
g3 Be7 5. Bg2 O-O 6. O-O c6 7.
Qc2 Nbd7 8. b3 b6 9. Bb2 Bb7 10.
Nc3 Rc8 11. e4 dxe4 12. Ng5 h6 13. Ngxe4 Nxe4 14. Nxe4 Nf6 15. Rad1 Nxe4 16. Qxe4 Bf6 17. Rfe1 Qc7 18. Bc1 Ba8 19. Bf4 Qd7 20. Be5 Qe7 21. c5 Rcd8 22. b4 Bxe5 23. Qxe5 b5 24. a4 a6 25. axb5 axb5 26. Ra1 Qf6 27. Red1 Qf5 28.
Qxf5 exf5 29. Ra7 Rfe8 30. Rda1 g6 31. h4 Kg7 32. Bh3 Kf6 33. R1a6 Kg7 34. Bg2 g5 35.
hxg5 hxg5 36. Bf1 g4 37. Bg2 Rc8 38. Rb6 Red8 39. Rba6 Re8 40. Rd7 Red8 41. Raa7 Rxd7 42. Rxd7 Kf6 43. Rd6+ Kg5 44. Bf1 Rc7 45. Bd3 f6 46.
Rd8 Kg6 47. Rxa8 Rd7 48. Rg8+ Kf7 49. Bxf5 Rxd4 50. Rh8 Rxb4 51. Rh7+ Kg8 52. Rc7 Rc4 53. Rxc6 b4 54. Be6+ Kf8 55. Bxc4 b3 56. Rb6 b2 57. Rxb2 Ke7 58. c6 Kd6 59. Bb5 Kc7 60. Ba4 Kc8 61. Rc2 Kc7 62. Rc4 f5 63. Kh1 f4 64. Rxf4 Kc8 65.
Rxg4 Kc7 66. Rg7+ Kc8 67. c7 Kb7 68. Bd1 Kc8 69. Bg4+ Kb7 70. c8=Q+ Kb6 71. Rb7+ Ka6 72. Qa8# 1-0

[Event "*** Titled Tuesday Blitz"]
[Site "Chess.com"]
[Date "2021.02.09"]
[Round "5"]
[White "Alex-11211"]
[Black "LucaBrasi1968"]
[Result "0-1"]
[WhiteElo "2354"]
[BlackElo "2531"]
[TimeControl "180+1"]
[EndTime "10:59:03 PST"]
[Termination "LucaBrasi1968 won on time"]

1. e4 c6 2. d4 d5 3. Nc3 dxe4 4. Nxe4 Bf5 5. Ng3 Bg6 6. Nf3 Nf6 7. h4 h6 8. h5 Bh7 9. Bd3 Bxd3 10. Qxd3 e6 11. Bd2 c5 12. O-O-O Nc6 13. Be3 Qa5 14. Qb3 O-O-O 15.
Ne5 Nxe5 16. dxe5 Nd5 17. Bd2 Qc7 18. c4 Ne7 19. Bc3 Rxd1+ 20. Rxd1 Nc6 21. f4 Be7 22. Ne4 Rd8 23. Rxd8+ Qxd8 24. Qd1 Qd7 25. Qxd7+ Kxd7 26. Kd2 b6 27. Ke3 Bf8 28. g4 g6 29. Nf6+ Ke7 30. Ke4 Bg7 31. g5 Kd8 32. gxh6 Bxh6 33. Ng4 Bg7 34.
h6 Bh8 35. a3 Ne7 36. b4 Nf5 37. bxc5 bxc5 38. Be1 Kd7 39. Bf2 Kc6 40. Kd3 a6 41. Kc3 Kb6 42. Kb3 Kc6 43. Ka4 Kb6 44. Bg1 Ng3 45. Bf2 Nf5 46. Kb3 Kc6 47. Kc3 Kb6 48.
Kc2 Kc6 49. Kb3 Kb6 50. Ka4 Ne7 51. Nf6 Nf5 52. Nd7+ Kc7 53. Nxc5 Nxh6 54. Nxa6+ Kb7 55. Kb5 Nf5 56. c5 Ne7 57. Nb4 g5 58. c6+ Kc8 59. Bg3 gxf4 60. Bxf4 Ng6 61. Bg3 Bxe5 62. Bxe5 Nxe5 63.
a4 f5 64. a5 f4 65. a6 Kb8 66.
Kb6 Nxc6 67. Nxc6+ Ka8 68. Ne5 Kb8 69. Kb5 Ka7 70. Ka5 Ka8 71. Kb6 Kb8 72. Nd7+ Ka8 73. Kb5 f3 74. Nb6+ Kb8 75. Nd7+ Ka7 76. Nb6 f2 77.
Nc8+ Kb8 78. a7+ Kb7 0-1

[Event "*** Titled Tuesday Blitz"]
[Site "Chess.com"]
[Date "2021.02.09"]
[Round "5"]
[White "Spartakus1975"]
[Black "Dedic8"]
[Result "0-1"]
[WhiteElo "2587"]
[BlackElo "2827"]
[TimeControl "180+1"]
[EndTime "10:59:04 PST"]
[Termination "Dedic8 won by checkmate"]

1. e4 c6 2. Nf3 d5 3. Nc3 Bg4 4. h3 Bxf3 5. Qxf3 e6 6. Be2 Nd7 7. d4 g6 8. O-O Bg7 9. Rd1 Ne7 10.
Be3 O-O 11. a4 h6 12. a5 a6 13. Bf4 f5 14. exd5 cxd5 15. Na4 Nc6 16. c3 Kh7 17. b4 Nf6 18. Nc5 Qe7 19. Qe3 Ne4 20. f3 g5 21.
Bh2 Nxc5 22. bxc5 f4 23. Qd3+ Kg8 24. Re1 Rad8 25. Bd1 e5 26. Bc2 Bf6 27. Rab1 Rd7 28. Kh1 Qg7 29. Bg1 h5 30. Rb6 g4 31. Rxc6 bxc6 32.
dxe5 Bxe5 33. Qxa6 gxf3 34. gxf3 Qg3 35. Qf1 Bxc3 36.
Re6 Rf6 37. Rxf6 Bxf6 38. a6 Rg7 39. Bf5 Kf8 40. Bh2 Qg5 41. Bc8 Bd4 42. Bb7 Bxc5 43. Bxc6 Re7 44. Qa1 Rg7 45. Qf1 Qe5 46. Qc1 Qd4 47.
Qxf4+ Qxf4 48. Bxf4 d4 49. Bb7 Ba7 50. Bd6+ Kf7 51.
Bf4 Kf6 52. Bd2 Rd7 53. h4 Ke5 54. Kg2 Rc7 55. Kf2 Rc2 56. Ke2 Ra2 57. Kd3 Ra3+ 58.
Ke2 d3+ 59. Kf1 Ra2 60. f4+ Kf5 61. Ke1 Kg4 62. Bc3 Be3 63. Kf1 Rc2 64. Bb4 Rc1+ 65. Kg2 Rb1 66. Bd6 d2 67. Bf3+ Kf5 68. a7 Bxa7 69.
Be5 Be3 70. Bd4 d1=Q 71. Be4+ Kxe4 72. Kh3 Qf3+ 73. Kh2 Rh1# 0-1

[Event "*** Titled Tuesday Blitz"]
[Site "Chess.com"]
[Date "2021.02.09"]
[Round "5"]
[White "IngOscarArdila"]
[Black "Fortitudine"]
[Result "1/2-1/2"]
[WhiteElo "2162"]
[BlackElo "2326"]
[TimeControl "180+1"]
[EndTime "10:59:04 PST"]
[Termination "Game drawn by agreement"]

1. d4 Nf6 2. c4 c5 3. d5 b5 4.
Qc2 d6 5. e4 g6 6. Nc3 bxc4 7.
Bxc4 Bg7 8. h3 O-O 9. Nf3 Ba6 10. Bxa6 Nxa6 11. a3 Rb8 12. O-O Nc7 13. Rb1 Nb5 14. Re1 Qc7 15. Bf4 Nd4 16. Qd3 Nxf3+ 17. Qxf3 Nd7 18. a4 a6 19. Qd3 Qa5 20. Bg5 Rfe8 21. Bd2 Ne5 22. Qc2 c4 23. Nb5 Qb6 24. Be3 Qb7 25.
Nd4 Rec8 26. Red1 Nd3 27. Nc6 Nb4 28. Qxc4 Nxc6 29. dxc6 Rxc6 30. Qd5 a5 31. b3 Rc3 32. Qxb7 Rxb7 33. Rd5 Rcxb3 34. Rxb3 Rxb3 35. Rxa5 Rb1+ 36. Kh2 Be5+ 37. g3 Kg7 38. Ra7 Ra1 39. Kg2 Bc3 40.
Rxe7 Rxa4 41. Rd7 Rxe4 42. Rxd6 Bf6 43. Kf3 Ra4 44. Rd7 h5 45. h4 Rb4 46. Kg2 Re4 47. Rb7 Bd4 48. Bxd4+ Rxd4 49. Rb3 Rd2 50. Rf3 f5 51.
Rb3 Rd6 52. Rb7+ Kf6 53. Kf3 Rd3+ 54. Ke2 Rd6 55. Rb5 Re6+ 56. Kf3 Rd6 57. Rb2 Rd3+ 58. Ke2 Rd6 59. Kf3 Ra6 60. Rd2 Ke5 61. Re2+ Kd4 62.
Rd2+ Kc3 63. Rd7 Re6 64. Rd8 Kc4 65. Rd7 Kc5 66. Rd8 Kc6 67. Rd3 Kc7 68. Rd2 Kc6 69. Kf4 Kc5 70. Kg5 Kc4 71. Kf4 Kc3 72. Ra2 Kb3 73. Rd2 Kc3 74. Rd7 Kc2 75. Kf3 Kc3 76.
Rd5 Kc4 77. Rd7 Kc5 78. Rd8 Kc6 79. Rd2 Kc5 80. Rd3 Kc4 81. Rd8 Kc5 82. Rd2 Kc4 83. Rd8 Kc5 84. Rd2 1/2-1/2

[Event "*** Titled Tuesday Blitz"]
[Site "Chess.com"]
[Date "2021.02.09"]
[Round "5"]
[White "L1m96"]
[Black "MartinMatthiesen"]
[Result "1-0"]
[WhiteElo "2546"]
[BlackElo "2383"]
[TimeControl "180+1"]
[EndTime "10:59:05 PST"]
[Termination "L1m96 won by resignation"]

1. e4 c6 2. d4 d5 3. Nc3 dxe4 4.
Nxe4 Bf5 5. Ng3 Bg6 6. h4 h6 7. h5 Bh7 8. Nf3 e6 9. Bd3 Bxd3 10. Qxd3 Nf6 11. Bf4 Qa5+ 12. Bd2 Bb4 13. c3 Be7 14. Ne5 Nbd7 15. Nc4 Qa6 16. Qe2 c5 17. dxc5 Nxc5 18.
O-O O-O 19. Be3 Rad8 20. Bd4 Na4 21. b3 Nb6 22. Nxb6 axb6 23. Qxa6 bxa6 24. Bxb6 Rd3 25.
Bd4 Ng4 26. Rad1 Rxd1 27. Rxd1 Rd8 28. Re1 Rd7 29. Ne4 Rd5 30. f3 Ne5 31. Rd1 Nc6 32. Rd2 Rxh5 33. Be3 Rd5 34. Rxd5 exd5 35. Nc5 a5 36. Kf2 Kf8 37. Ke2 Ke8 38. Kd3 Kd8 39. Bd4 g6 40. Na4 Kc7 41. Bb6+ Kb7 42. Bd4 h5 43.
Nb2 Ka6 44. Nd1 Nxd4 45. Kxd4 Kb6 46. Kxd5 Bf6 47. c4 Kc7 48. Nf2 g5 49. Ne4 Be7 50. Nf2 f5 51. Ke5 f4 52. Kf5 Kc6 53. Nd3 a4 54.
Kg6 h4 55. Kh5 axb3 56. axb3 Bd8 57. Kg4 Be7 58. Kf5 Bd8 59. b4 Kd6 60. b5 Kd7 61. c5 Be7 62. Ke5 Bd8 63. Kd5 Kc7 64. c6 Kb6 65.
Kc4 Bc7 66. Nf2 Bd6 67. Ne4 Be7 68. Nc3 Bd8 69. Nd5+ Ka7 70. Kd3 Kb8 71. Ke4 Kc8 72. Kf5 Bb6 73. Nxb6+ 1-0

[Event "*** Titled Tuesday Blitz"]
[Site "Chess.com"]
[Date "2021.02.09"]
[Round "5"]
[White "Heineccius"]
[Black "TeukkaSalama"]
[Result "1/2-1/2"]
[WhiteElo "2559"]
[BlackElo "2397"]
[TimeControl "180+1"]
[EndTime "10:59:06 PST"]
[Termination "Game drawn - insufficient material"]

1. d4 d6 2. Nf3 Nf6 3. c4 Nbd7 4. Nc3 e5 5. g3 Be7 6. Bg2 O-O 7. O-O c6 8. e4 a6 9. d5 cxd5 10. cxd5 b5 11. a3 Nb6 12. Nd2 Bd7 13. Qe2 Qc7 14.
Re1 Rfc8 15. h3 Qb7 16. Nb3 Nc4 17. Nd2 Bd8 18. Kh2 Bb6 19. Nxc4 Rxc4 20. Bg5 Ne8 21.
Rac1 Rac8 22. Na2 a5 23. b3 Rxc1 24. Rxc1 Bc5 25. b4 axb4 26. axb4 Bd4 27. Rxc8 Qxc8 28. Be3 Bxe3 29. Qxe3 Qc4 30. Qd2 f5 31. exf5 Bxf5 32. Qg5 Be4 33. Qe7 Nf6 34. Qe6+ Kf8 35. Qxd6+ Kf7 36. Qe6+ Kg6 37. Bxe4+ Qxe4 38. d6 Qe2 39. Kg1 e4 40. d7 Qd1+ 41. Kh2 Qxd7 42. Qxd7 Nxd7 43.
Nc3 Ne5 44. Nxb5 Nc6 45. Nd6 Nxb4 46. Nxe4 Nd5 47. Nd2 Kf6 48. Kg2 h6 49. Nf3 Ne7 50. h4 g5 51. Nh2 gxh4 52. gxh4 Nf5 53. Kh3 Kg6 54. Ng4 h5 55. Ne5+ Kf6 56. Nf3 Ne7 57. Ng5 Ng6 58. f3 Kf5 59. Kg3 Ne5 60. Ne4 Ng6 61.
Nd2 Nf4 62. Nf1 Ne2+ 63. Kf2 Nf4 64. Ng3+ Kg6 65. Ne4 Kf5 66. Nd6+ Kg6 67. Nc4 Kf5 68. Ne3+ Kg6 69. Kg3 Ne6 70. f4 Nd4 71. Nc4 Kf5 72. Nd6+ Kf6 73. Kf2 Ke6 74. Ne4 Kf5 75. Ng3+ Kxf4 76.
Nxh5+ Kg4 77. Nf6+ Kxh4 1/2-1/2

[Event "*** Titled Tuesday Blitz"]
[Site "Chess.com"]
[Date "2021.02.09"]
[Round "5"]
[White "frazier69"]
[Black "SKLGgonkom"]
[Result "1/2-1/2"]
[WhiteElo "2506"]
[BlackElo "2354"]
[TimeControl "180+1"]
[EndTime "10:59:06 PST"]
[Termination "Game drawn - insufficient material"]

1. Nf3 Nf6 2. c4 e6 3. g3 d5 4. Bg2 Be7 5. O-O O-O 6. b3 b6 7. cxd5 Nxd5 8. Bb2 c5 9. Nc3 Nxc3 10. Bxc3 Bb7 11.
Qc1 Bf6 12. Qb2 Nd7 13. Rfd1 Qe7 14. d4 cxd4 15. Nxd4 Bxg2 16. Kxg2 Rac8 17. Rac1 Nc5 18. Nf3 Bxc3 19. Qxc3 Qb7 20. Qe3 h6 21. Kg1 Rfd8 22.
Rxd8+ Rxd8 23. b4 Ne4 24. a3 Qd5 25. Rc7 a5 26. Qxb6 axb4 27. axb4 Qd1+ 28. Kg2 Qxe2 29. Rc2 Qxc2 30. Qxd8+ Kh7 31. Qd4 Qc6 32. Ne5 Qb7 33. f3 Nf6 34. Kf2 Nd5 35. Nd3 Kg8 36. h4 Qb5 37.
Kg2 Qa4 38. Qf2 Qb3 39. Qe2 Qc4 40. Kh3 Nc3 41. Qc2 Qd4 42. b5 Nd5 43. b6 Ne3 44.
Qe2 Nf5 45. g4 Nd6 46. b7 Qb6 47. b8=Q+ Qxb8 48. Ne5 Qf8 49. Qd3 Qe7 50. g5 Ne8 51. f4 Nd6 52. Qd4 Nf5 53. Qd7 Qxd7 54. Nxd7 Kh7 55. Kg4 hxg5 56. hxg5 Kg8 57. Ne5 Ne7 58.
Kf3 Nf5 59. Nd7 Ne7 60. Kg4 Nf5 61. Kf3 Ne7 62. Kg4 Ng6 63. f5 Nf8 64. fxe6 fxe6 65. Ne5 Nh7 66. Kh5 Kf8 67. Kg6 Kg8 68. Kh5 Nf8 69.
g6 Kh8 70. Kg5 Kg8 71. Kh5 Nxg6 72. Kxg6 Kf8 73. Kg5 Ke7 74. Kg6 Kd6 75. Nf7+ Kd5 76.
Kxg7 e5 77. Nxe5 1/2-1/2

[Event "*** Titled Tuesday Blitz"]
[Site "Chess.com"]
[Date "2021.02.09"]
[Round "5"]
[White "TST2014"]
[Black "ckgchess"]
[Result "1-0"]
[WhiteElo "2576"]
[BlackElo "2719"]
[TimeControl "180+1"]
[EndTime "10:59:12 PST"]
[Termination "TST2014 won by resignation"]

1. d4 c5 2. d5 e5 3. Nc3 d6 4. e4 Be7 5. Bb5+ Kf8 6. a4 Bg5 7. Nf3 Bxc1 8. Qxc1 a6 9. Be2 g6 10. Nd2 Kg7 11. Nc4 Nh6 12. a5 Qe7 13. Nb6 Ra7 14. O-O Nd7 15. Nca4 Nxb6 16. Nxb6 Re8 17. b4 cxb4 18.
Qe3 Bg4 19. f3 Bf5 20. g4 Bd7 21. Nxd7 Raa8 22. Nb6 Rad8 23. Rab1 Qc7 24. Rxb4 Qxc2 25. Rc1 Qa2 26. Ra4 Qb2 27. Nc4 Qb5 28. Nb6 Qb2 29. Ra3 Qb4 30. Qc3 Qxc3 31. Raxc3 Re7 32. Rc7 Rde8 33.
Rxe7 Rxe7 34. Rc8 f5 35. Rd8 fxg4 36. Rxd6 gxf3 37. Bxf3 Nf7 38. Rd7 Kf6 39. Bg4 h5 40. Bh3 Ng5 41. Rxe7 Nxh3+ 42. Kf1 Kxe7 43. Nc4 Ng5 44.
Nxe5 Nxe4 45. Nxg6+ Kd6 46. Nf4 Nf6 47. Ke2 h4 48. Kf3 Kc5 49. Ng2 b6 50. axb6 Kxb6 51. Kf4 a5 52. Ke5 Nd7+ 53. Ke6 Nc5+ 54. Ke7 a4 55.
Ne3 Kb5 56. d6 a3 57. Nd1 a2 58. Nc3+ Kc6 59. Nxa2 Kd5 60. Nb4+ Ke5 61. Na6 Nb7 62.
d7 Kd5 63. Nb8 h3 64. Na6 Ke5 65. Nb4 Kd4 66. Na6 Kd5 67. Nc7+ Kc6 68. Ne6 Kd5 69. Nd8 Nc5 70. Nf7 Nxd7 71. Kxd7 Ke4 72. Ng5+ Ke3 73.
Nxh3 Kf3 74. Ng1+ Kg4 75. h3+ Kh4 76. Ke6 Kg3 77. Kf5 Kg2 78. h4 Kxg1 79. h5 Kg2 80. h6 Kf2 81. h7 Ke3 82. h8=Q 1-0

[Event "*** Titled Tuesday Blitz"]
[Site "Chess.com"]
[Date "2021.02.09"]
[Round "5"]
[White "ViktoriyaTarasova"]
[Black "SharapovEvgeny"]
[Result "1/2-1/2"]
[WhiteElo "2315"]
[BlackElo "2455"]
[TimeControl "180+1"]
[EndTime "10:59:16 PST"]
[Termination "Game drawn by repetition"]

1. d4 d5 2. c4 c6 3. Nf3 Nf6 4.
Nc3 g6 5. e3 Bg7 6. Be2 O-O 7.
O-O Bg4 8. b3 e6 9. h3 Bxf3 10.
Bxf3 Nbd7 11. Bb2 Re8 12. e4 dxe4 13. Nxe4 Nxe4 14. Bxe4 Nf6 15. Bf3 Qb6 16. Qc2 Rad8 17. Rad1 Rd7 18. Rd3 Red8 19. Rfd1 Qc7 20. Qe2 h5 21. g3 Qa5 22. Kg2 Qf5 23. g4 hxg4 24.
hxg4 Qf4 25. Bc1 Qc7 26. g5 Ne8 27. d5 cxd5 28. cxd5 exd5 29. Bxd5 Nd6 30. Bf4 Qb6 31. Be3 Qa6 32. R3d2 Qxe2 33. Rxe2 Nf5 34. Red2 Nxe3+ 35. fxe3 Kf8 36. Kf3 Ke7 37. e4 Be5 38. Rc2 Rh8 39. Kg4 f6 40. gxf6+ Bxf6 41. Rf1 Rh4+ 42. Kg3 Rh5 43. Kg2 Rg5+ 44. Kf3 Be5 45. Rg2 Rxg2 46. Kxg2 Kd6 47. Kf3 Rh7 48. Rg1 Rh3+ 49.
Ke2 Rh2+ 50. Kd3 Rh6 51. Bxb7 Bf4 52. Rg2 g5 53. Bd5 Ke5 54. a4 Rh3+ 55. Kc4 Rh4 56. b4 g4 57. b5 g3 58. a5 Rh2 59. Rg1 g2 60. b6 axb6 61. axb6 Be3 62. b7 Ba7 63. Kb5 Kf4 64. Ka6 Bb8 65. e5 Kxe5 66. Bxg2 Rh6+ 67. Kb5 Rh5 68. Re1+ Kd6+ 69. Kc4 Rc5+ 70.
Kb3 Rb5+ 71. Kc2 Rc5+ 72. Kd3 Rb5 73. Rd1 Bc7 74. Ke2+ Kc5 75. Rc1+ Kb6 76. Rc6+ Kxb7 77. Rc5+ Kb6 78. Rc6+ Kb7 79. Rc5+ Kb6 80. Rc6+ Kb7 1/2-1/2

[Event "*** Titled Tuesday Blitz"]
[Site "Chess.com"]
[Date "2021.02.09"]
[Round "5"]
[White "awesomevishesh"]
[Black "PavelShkapenko"]
[Result "1-0"]
[WhiteElo "2505"]
[BlackElo "2695"]
[TimeControl "180+1"]
[EndTime "10:59:20 PST"]
[Termination "awesomevishesh won by resignation"]

1. e4 e5 2. Nf3 Nc6 3. Bb5 Bc5 4. O-O d6 5. c3 Bd7 6. d4 Bb6 7. Re1 Nge7 8. a4 a6 9. Bf1 exd4 10. cxd4 Bg4 11. d5 Nd4 12. a5 Ba7 13. Be3 Nxf3+ 14.
gxf3 Bxe3 15. Rxe3 Bh5 16. Qd4 O-O 17. f4 Ng6 18. Rg3 Qh4 19. f5 Ne5 20. Nd2 Qf4 21. Bg2 g6 22. Nc4 Rfe8 23. Nxe5 Qxe5 24. Qxe5 Rxe5 25. Rc1 Re7 26. f6 Rd7 27. f4 Re8 28. Rgc3 c5 29. dxc6 bxc6 30. Rxc6 Rb7 31. Rb6 Rxb6 32.
axb6 Rb8 33. b7 Bg4 34. e5 dxe5 35. fxe5 Kf8 36. Kf2 Ke8 37. Rc7 Be6 38. b4 Bd7 39.
Ke3 Kd8 40. Rc5 Be6 41. Ra5 Bc4 42. Kd4 Bb5 43. Kc5 Kc7 44. Ra1 Re8 45. Kd4 Rd8+ 46. Ke3 Re8 47. Rc1+ Kb8 48. Kf4 Bd7 49. Rc5 Rd8 50. Rd5 Kc7 51. Rd6 Rb8 52. Bf3 Be6 53. h4 h6 54. h5 g5+ 55. Ke3 g4 56. Bg2 Rg8 57. Kf4 g3 58. Rxa6 Rb8 59. Kxg3 Bd7 60.
Rd6 Be6 61. Kf2 Bd7 62. Ke3 Rf8 63. Bd5 Bg4 64. b5 Bxh5 65. Kd4 Bg4 66. Kc5 h5 67. b6+ Kb8 68. Rc6 h4 69. Rc7 h3 70.
Kd6 h2 71. Bc6 Rd8+ 72. Ke7 Rh8 73. Kxf7 h1=Q 74. Bxh1 Rxh1 75. e6 Rh7+ 76. Kg6 Rxc7 77. bxc7+ Kxc7 78. f7 Bxe6 79. f8=Q Kxb7 80. Qe7+ 1-0